 Dungeon Crawl Stone Soup version 0.30-a0-1094-g860fb061e7 (webtiles) character file.

Game seed: 5867567568283144777

334 Pimp the Trooper (level 6, 55/55 HPs)
             Began as a Draconian Fighter on Apr 17, 2023.
             Was an Initiate of Okawaru.
             Quit the game on level 4 of the Dungeon.
             The game lasted 00:06:19 (2940 turns).

Pimp the Trooper (Draconian Fighter)                Turns: 2940, Time: 00:06:19

Health: 55/55      AC:  6    Str: 19    XL:     6   Next: 27%
Magic:  6/6        EV: 12    Int:  8    God:    Okawaru [......]
Gold:   257        SH:  5    Dex: 12    Spells: 5/5 levels left

rFire   . . .      SeeInvis .    a - +0 long sword
rCold   . . .      Faith    .    b - +0 buckler
rNeg    . . .      Spirit   .    (body armour unavailable)
rPois   .          Reflect  .    (helmet restricted)
rElec   .          Rampage  .    (no cloak)
rCorr   .                        (no gloves)
Will    .....                    (no boots)
Stlth   +                        (no amulet)
HPRegen 0.29/turn                (no ring)
MPRegen 0.10/turn                (no ring)

@: no status effects
A: AC +6, unfitting armour, cold-blooded
a: Renounce Religion


You were on level 4 of the Dungeon.
You worshipped Okawaru.
Okawaru was noncommittal.
You visited 1 branch of the dungeon, and saw 4 of its levels.

You collected 257 gold pieces.

Inventory:

Hand Weapons
 a - a +0 long sword (weapon)
Missiles
 t - 3 silver boomerangs (quivered)
Armour
 b - a +0 buckler (worn)
Jewellery
 l - a +5 ring of evasion
 o - a ring of fire
Wands
 k - a wand of roots (14)
Scrolls
 d - a scroll of teleportation
 e - 6 scrolls of identify {unknown}
 f - 2 scrolls of immolation {unknown}
 g - a scroll of enchant weapon {unknown}
 h - 2 scrolls of vulnerability {unknown}
 i - a scroll of noise {unknown}
 j - 2 scrolls of magic mapping {unknown}
 n - 3 scrolls of fear {unknown}
 p - 2 scrolls of amnesia {unknown}
 q - a scroll of enchant armour {unknown}
 r - a scroll of poison {unknown}
Potions
 c - a potion of might
 m - 2 potions of curing {unknown}
 s - a potion of degeneration {unknown}


   Skills:
 + Level 4.8 Fighting
 + Level 3.6 Long Blades
 + Level 4.0 Dodging
 + Level 4.3 Shields


You had 5 spell levels left.
You didn't know any spells.
Your spell library contained the following spells:

 Spells                   Type           Power      Damage    Failure   Level
 Sublimation of Blood     Necr           0%         N/A       63%         2
 Wereblood                Tmut           0%         N/A       63%         2
 Ozocubu's Armour         Ice            0%         N/A       86%         3
 Vhi's Electric Charge    Tloc/Air       0%         N/A       86%         3
 Arcjolt                  Conj/Air       0%         1d10      100%        5
 Ozocubu's Refrigeration  Ice            0%         4d7       100%        7
 Maxwell's Capacitive Co  Air            0%         ∞         100%        8
 Summon Hydra             Summ           Unusable   N/A       N/A         7

Dungeon Overview and Level Annotations

Branches:
Dungeon (4/15)             Temple (0/1) D:4

Altars:
Elyvilon
Okawaru
Trog

Annotations:
D:3 2 transporters, BlueFalcon's ghost, amateur DsVM


Innate Abilities, Weirdness & Mutations

Your plain brown scales are hard. (AC +6)
You cannot fit into any form of body armour.
You are cold-blooded and may be slowed by cold attacks.


Message History

Your scales feel tougher.
You see here a black bear corpse.
You feel a strong urge to attack something.
You are no longer berserk.
You are exhausted.
You feel yourself slow down.
You start resting.
You feel yourself speed up.
You now have 257 gold pieces (gained 9).
You recover from your berserk rage.
HP restored.
As you open the door, it creaks loudly!
There is an open door here.
There is an open door here.
There is an open door here.
You open the door.
There is an open door here.
As you open the door, it creaks loudly!
There is an open door here.
You open the door.
There is an open door here.
You pick up a book of Blood and begin reading...
You add the spells Sublimation of Blood and Wereblood to your library.
Found a stone staircase leading down.
There is a stone staircase leading down here.
k - a wand of roots (14)
You see here a +0 short sword.
You see here a +0 short sword.
You see here a +0 short sword.
As you open the door, it creaks loudly!
Done exploring.
Done exploring.
There is a stone staircase leading down here.
There is a stone staircase leading down here.
Done exploring.
Saving game... please wait.
Welcome back, Pimp the Draconian Fighter.
Okawaru says: Bring me glory in combat!
Press ? for a list of commands and other information.
Are you sure you want to abandon this character and quit the game? (Confirm with "yes".)

################### #####
#.@................ #...##
#..######.......###
.....##########>#>## #..........
............##.###.####......####
.....######.#.## ##..........#
#...## #.##.###.######..#.####
##.## #.###.#.###...#........ #.#
#......## #.#.......... #.#
######.# #.#.#..#...))


There were no monsters in sight!

Vanquished Creatures
  2 black bears (D:4)
  A scorpion (D:4)
  2 adders
  A worm (D:4)
  A dart slug (D:3)
  4 orcs (D:4)
  7 endoplasms
  4 hobgoblins
  4 jackals (D:1)
  3 quokkas
  11 ball pythons
  5 bats (D:1)
  2 frilled lizards
  5 goblins
  6 kobolds
  12 rats
  A butterfly (D:4)
71 creatures vanquished.

Vanquished Creatures (others)
  A fungus (D:1)
  A plant (D:1)
2 creatures vanquished.

Grand Total: 73 creatures vanquished

Notes
Turn   | Place    | Note
-------+----------+-------------------------------------------
     0 | D:1      | Pimp the Draconian Fighter began the quest for the Orb.
     0 | D:1      | Reached XP level 1. HP: 19/19 MP: 1/1
   163 | D:1      | Reached XP level 2. HP: 14/26 MP: 2/2
   397 | D:1      | Found a faded altar of an unknown god.
   786 | D:2      | Reached XP level 3. HP: 33/33 MP: 3/3
  1447 | D:3      | Found an iron altar of Okawaru.
  1458 | D:3      | Became a worshipper of Warmaster Okawaru
  1531 | D:3      | Found a white marble altar of Elyvilon.
  1556 | D:3      | Noticed BlueFalcon's ghost (amateur DsVM)
  1559 | D:3      | Noticed a small abomination
  1577 | D:3      | Found a transporter.
  1746 | D:3      | Found a transporter.
  1896 | D:4      | Reached XP level 4. HP: 39/40 MP: 4/4
  2216 | D:4      | Found a staircase to the Ecumenical Temple.
  2267 | D:4      | Noticed a scorpion
  2286 | D:4      | Killed a scorpion
  2287 | D:4      | Reached XP level 5. HP: 24/46 MP: 5/5
  2638 | D:4      | Found a bloodstained altar of Trog.
  2639 | D:4      | Noticed a black bear
  2639 | D:4      | Noticed a black bear
  2654 | D:4      | Killed a black bear
  2657 | D:4      | Killed a black bear
  2658 | D:4      | Reached XP level 6. HP: 46/55 MP: 6/6
  2940 | D:4      | Quit the game

Illustrated notes

Levels and vault maps discovered:
D:1:      dpeg_arrival_brainrot, layout_basic, shapermc_ecumenical_altar_petra,
          st_stairs_2
D:2:      layout_basic, minmay_misc_feat_columns
D:3:      layout_rooms, mainiacjoe_overflow_24_doors,
          mainiacjoe_overflow_tiny_flanked, gammafunk_ghost_abyssal_escape
D:4:      nicolae_cairo_tiling_large, layout_loops_ring, trog_ov_bears_minmay,
          minmay_temple_entry_butterflies

Skill      XL: |  1  2  3  4  5 |
---------------+----------------+-----
Dodging        | 3 4 |  4.0
Fighting       | 4 |  4.8
Long Blades    | 3 |  3.6
Shields        | 4 |  4.3

Action                     |  1- 3 |  4- 6 || total
---------------------------+-------+-------++-------
  Melee: Long sword        |   169 |    48 ||   217
         Tailslap          |    15 |     6 ||    21
    Use: Potion            |       |     2 ||     2
   Stab: Sleeping          |     4 |       ||     4
 Armour: Skin              |    98 |    25 ||   123
  Dodge: Dodged            |   170 |    35 ||   205
  Block: Buckler           |    48 |    10 ||    58

Table legend: (Time is in decaauts)
 A = Elapsed time spent in this place.
 B = Non-inter-level travel time spent in this place.
 C = Inter-level travel time spent in this place.
 D = Time resting spent in this place.
 E = Time spent auto-exploring this place.
 F = Levels seen in this place.
 G = Mean time per level.
                   A        B        C        D        E       F      G
               +--------+--------+--------+--------+--------+-----+--------+
         Total |   3034 |   2948 |     86 |    225 |   2035 |   4 |  758.5 |
       Dungeon |   3034 |   2948 |     86 |    225 |   2035 |   4 |  758.5 |
               +--------+--------+--------+--------+--------+-----+--------+

Top non-repeatable levels by time:
     D:4: 1137 daAuts
     D:1: 816 daAuts
     D:2: 573 daAuts
     D:3: 507 daAuts
